 Dungeon Crawl Stone Soup version 0.30.0-5-g1a98f26d00 (webtiles) character file.

Game seed: 1053071662406134724

929 H0rd4k the Chopper (level 8, -3/58 HPs)
             Began as a Human Artificer on May 9, 2023.
             Slain by a gnoll
             ... wielding a +0 club
              (4 damage)
             ... on level 6 of the Dungeon.
             The game lasted 00:04:23 (4628 turns).

H0rd4k the Chopper (Human Artificer)                Turns: 4628, Time: 00:04:24

Health: -3/58      AC:  4    Str: 13    XL:     8   Next: 32%
Magic:  8/8        EV: 12    Int: 13    God:
Gold:   236        SH:  0    Dex: 14    Spells: 7/7 levels left

rFire   . . .        h - +2 war axe (drain)
rCold   . . .        (no shield)
rNeg    . . .        b - +0 leather armour
rPois   .            x - +1 hat
rElec   .            G - scarf {shadows}
rCorr   .            (no gloves)
SInv    .            (no boots)
Will    .....        (no amulet)
Stlth   ++           (no ring)
HPRegen 0.29/turn    (no ring)
MPRegen 0.11/turn

%: no passive effects
@: no status effects
A: no striking features
a: no special abilities


You were on level 6 of the Dungeon.
You visited 1 branch of the dungeon, and saw 6 of its levels.

You collected 236 gold pieces.

Inventory:

Hand Weapons
 h - a +2 war axe of draining (weapon)
 B - a +4 club
Missiles
 j - 3 silver javelins
 p - 13 poisoned darts
 s - 2 throwing nets
Armour
 b - a +0 leather armour (worn)
 x - a +1 hat (worn)
 G - a scarf of shadows (worn)
Wands
 c - a wand of flame (13) (quivered)
 d - a wand of charming (24)
 e - a wand of iceblast (5)
 A - a wand of digging (4)
 D - a wand of quicksilver (6)
Scrolls
 a - a scroll of fog
 i - a scroll of torment
 l - 2 scrolls of immolation
 n - 2 scrolls of amnesia
 o - a scroll of magic mapping {unknown}
 u - a scroll of teleportation
 v - a scroll of poison
 y - a scroll of blinking {unknown}
 z - a scroll of butterflies {unknown}
 F - a scroll of vulnerability
Potions
 f - a potion of invisibility
 g - a potion of curing
 k - a potion of haste {unknown}
 m - 3 potions of mutation
 q - 2 potions of heal wounds {unknown}
 r - a potion of cancellation {unknown}
 t - a potion of brilliance {unknown}
 w - a potion of degeneration {unknown}
 C - 3 potions of attraction
 E - 2 potions of berserk rage {unknown}


   Skills:
 + Level 3.5 Fighting
 + Level 6.4 Axes
 - Level 0.2(3.9) Maces & Flails
 - Level 2.0 Armour
 + Level 3.2 Dodging
 + Level 3.0 Stealth
 + Level 3.8 Evocations


You had 7 spell levels left.
You didn't know any spells.
Your spell library contained the following spells:

 Spells                   Type           Power      Damage    Failure   Level
 Foxfire                  Conj/Fire      0%         2x1d4     36%         1
 Inner Flame              Hex/Fire       0%         N/A       75%         3
 Portal Projectile        Hex/Tloc       0%         N/A       75%         3
 Tukima's Dance           Hex            0%         N/A       75%         3
 Flame Wave               Conj/Fire      0%         2d4       98%         4
 Sticky Flame             Conj/Fire      0%         2d3       98%         4
 Blade Hands              Tmut           0%         N/A       100%        5
 Fireball                 Conj/Fire      0%         3d3       100%        5
 Plasma Beam              Fire/Air       0%         2x1d11    100%        6
 Starburst                Conj/Fire      0%         6d3       100%        6


Dungeon Overview and Level Annotations

Branches:
Dungeon (6/15)
 Temple: D:4-7

Altars:
Fedhas
Kikubaaqudgha
Makhleb
Nemelex Xobeh
Ru
Uskayaw
Yredelemnul

Shops:
D:5 (

Annotations:
D:5 exclusion: downstairs


Message History

* * * LOW HITPOINT WARNING * * *
The steam dragon misses you.
The iguana is engulfed in a cloud of scalding steam.
The iguana dies!
You closely miss the steam dragon.
The steam dragon is almost dead.
The steam dragon bites you.
* * * LOW HITPOINT WARNING * * *
The steam dragon barely misses you.
Unknown command.
Aiming: Quicksilver Bolt
Press: ? - help, Shift-Dir - straight line, f/p - steam dragon
Aim: a steam dragon (almost dead, 74% to hit)
The bolt of dispelling energy hits the steam dragon!
You kill the steam dragon!
The steam dragon scales are intact enough to wear.
The bolt of dispelling energy hits the adder!!
You kill the adder!
The bolt of dispelling energy hits the gnoll!
The gnoll is almost dead.
The gnoll barely misses you.
Your Stealth skill increases to level 3!
The gnoll closely misses you. The gnoll attacks as you move away!
The gnoll hits you with a +0 club.
* * * LOW HITPOINT WARNING * * *
The gnoll hits you from afar with a +0 halberd.
* * * LOW HITPOINT WARNING * * *
A kobold brigand comes into view.
It is wielding a +0 short sword of electrocution and quivering poisoned darts.
The gnoll attacks as you move away! The gnoll hits you with a +0 club.
* * * LOW HITPOINT WARNING * * *
Okay, then.
You feel better. The gnoll hits you with a +0 club.
* * * LOW HITPOINT WARNING * * *
The gnoll hits you from afar with a +0 halberd.
* * * LOW HITPOINT WARNING * * *
Aiming: Charm
Press: ? - help, Shift-Dir - straight line, f - gnoll
Aim: a gnoll, wielding a +0 club (chance to affect: 67%)
The gnoll struggles to resist.
The gnoll hits you with a +0 club.
You die...

#..# ############## #†.
........... ... ##[# #
#..######## #.##.?##.###
#.#.##########...K.†.....
.###.#)..........g....###
## ##.)# ######g#####
.###.############g#
#.#.###.........@.# #..##
#.########### #.## #.#
#.### #.# #...# #.# ###.#
#.# #.###.# ###.....#
.....####


You could see a kobold brigand and 3 gnolls.

Vanquished Creatures
  A steam dragon (D:6)
  A black bear (D:5)
  Blork the orc (D:6)
  A bullfrog (D:6)
  A gnoll sergeant (D:5)
  2 scorpions
  A hound (D:6)
  A jelly (D:5)
  An orc priest (D:6)
  An iguana (D:5)
  Ijyb (D:3)
  7 adders
  5 gnolls (D:5)
  A white imp (D:6)
  An ufetubus (D:3)
  4 worms
  4 dart slugs
  14 orcs
  7 bats
  12 endoplasms
  4 giant cockroaches
  4 hobgoblins
  8 jackals (D:1)
  A quokka (D:5)
  8 ball pythons
  3 frilled lizards
  5 goblins
  6 kobolds
  9 rats
115 creatures vanquished.

Vanquished Creatures (collateral kills)
  An iguana (D:4)
1 creature vanquished.

Vanquished Creatures (others)
  An iguana (D:6)
1 creature vanquished.

Grand Total: 117 creatures vanquished

Notes
Turn   | Place    | Note
-------+----------+-------------------------------------------
     0 | D:1      | H0rd4k the Human Artificer began the quest for the Orb.
     0 | D:1      | Reached XP level 1. HP: 15/15 MP: 1/1
   136 | D:1      | Reached XP level 2. HP: 6/21 MP: 2/2
   383 | D:1      | Reached XP level 3. HP: 25/26 MP: 3/3
   388 | D:1      | Found a faded altar of an unknown god.
   829 | D:2      | Reached skill level 1 in Axes
   932 | D:2      | Reached XP level 4. HP: 24/32 MP: 4/4
  1079 | D:2      | Reached skill level 2 in Axes
  1923 | D:3      | Reached XP level 5. HP: 38/38 MP: 5/5
  2025 | D:3      | Found a blossoming altar of Fedhas.
  2516 | D:3      | Noticed Ijyb
  2524 | D:3      | Killed Ijyb
  2525 | D:3      | Reached skill level 3 in Axes
  2776 | D:4      | Reached skill level 4 in Axes
  2776 | D:4      | Reached XP level 6. HP: 13/44 MP: 6/6
  3027 | D:5      | Entered Level 5 of the Dungeon
  3187 | D:5      | Found a basalt altar of Yredelemnul.
  3187 | D:5      | Found a hide-covered altar of Uskayaw.
  3200 | D:5      | Found a sacrificial altar of Ru.
  3201 | D:5      | Found an ancient bone altar of Kikubaaqudgha.
  3201 | D:5      | Found a sparkling altar of Nemelex Xobeh.
  3202 | D:5      | Found a burning altar of Makhleb.
  3212 | D:5      | Reached XP level 7. HP: 26/51 MP: 7/7
  3388 | D:5      | Reached skill level 5 in Axes
  3537 | D:5      | Found Vaiddihup's Weapon Boutique.
  4008 | D:6      | Noticed a steam dragon
  4564 | D:6      | Reached XP level 8. HP: 58/58 MP: 8/8
  4572 | D:6      | Noticed Blork the orc
  4574 | D:6      | Killed Blork the orc
  4575 | D:6      | Reached skill level 6 in Axes
  4624 | D:6      | HP: 2/58 [gnoll/+0 halberd (4)]
  4628 | D:6      | Slain by a gnoll

Illustrated notes

Levels and vault maps discovered:
D:1:      amcnicky_arrival_double_pillar, layout_basic, basic_ecumenical_altar,
          minmay_misc_feat_diagonals, nicolae_figureground_sparkle
D:2:      minmay_angry_zag, layout_basic, nicolae_concentric_dashed_squares_wild
D:3:      layout_rooms, lemuel_tele_altar, hangedman_decor_growths,
          serial_park_tiny_1, minmay_increasing_density, uniq_ijyb
D:4:      layout_basic, kennysheep_mini, serial_park_tiny_2
D:5:      layout_basic, grunt_temple_overflow_open, serial_shops,
          nicolae_shop_bloodbath_and_beyond
D:6:      layout_loops_ring, uniq_blork_the_orc

Skill      XL: |  1  2  3  4  5  6  7  8 |
---------------+-------------------------+-----
Axes           | 1 2 4 5 6 |  6.4
Dodging        | 2 3 |  3.2
Fighting       | 2 3 |  3.5
Stealth        | 2 3 |  3.0
Maces & Flails | |  0.2
Armour         | |  2.0
Evocations     | |  3.8

Action                     |  1- 3 |  4- 6 |  7- 9 || total
---------------------------+-------+-------+-------++-------
  Melee: Club              |    59 |       |       ||    59
         War axe           |    28 |   120 |    59 ||   207
         Punch             |       |     1 |       ||     1
  Evoke: Wand              |     2 |     4 |     6 ||    12
    Use: Scroll            |       |       |    11 ||    11
         Potion            |       |       |     1 ||     1
   Stab: Sleeping          |     1 |     9 |     3 ||    13
         Distracted        |       |     1 |       ||     1
 Armour: Leather armour    |    31 |    32 |    16 ||    79
  Dodge: Dodged            |    62 |    93 |    40 ||   195
